 Dungeon Crawl Stone Soup version 0.19.0-2-gae57169 (webtiles) character file.

248 dobroeutro the Shooter (level 5, -7/45 HPs)
             Began as a Centaur Hunter on Nov 5, 2016.
             Mangled by an ogre
             ... wielding a +0 giant club
              (20 damage)
             ... on level 3 of the Dungeon.
             The game lasted 00:08:22 (5023 turns).

dobroeutro the Shooter (Centaur Hunter)             Turns: 5023, Time: 00:08:23

Health: -7/45      AC:  4    Str: 14      XL:     5   Next: 86%
Magic:  5/5        EV:  9    Int: 10      God:
Gold:   97         SH:  0    Dex:  6 (11) Spells: 0 memorised, 4 levels left

rFire  . . .     SeeInvis .     a - +1 shortbow
rCold  . . .     Gourm    .     c - +0 leather armour
rNeg   . . .     Faith    .     (shield currently unavailable)
rPois  .         Spirit   .     (no helmet)
rElec  .         Reflect  .     (no cloak)
rCorr  .         Harm     .     (no gloves)
MR     .....                    (no barding)
Stlth  ..........               (no amulet)
                                (no ring)
                                (no ring)

@: slowed
A: hooves 3, deformed body, speed 2, tough skin 3
a: no special abilities


You were on level 3 of the Dungeon.
You were hungry.

You visited 1 branch of the dungeon, and saw 4 of its levels.

You collected 97 gold pieces.

Inventory:

Hand Weapons
 a - a +1 shortbow (weapon)
 w - a +2 dagger of venom
Missiles
 d - 42 arrows (quivered)
Armour
 c - a +0 leather armour (worn)
Jewellery
 s - an uncursed ring of ice {unknown}
Scrolls
 h - a scroll of identify {unknown}
 i - a scroll of blinking {unknown}
 m - 3 scrolls of remove curse {unknown}
 o - 2 scrolls of fog {unknown}
 p - a scroll of teleportation {unknown}
 q - a scroll of enchant armour {unknown}
 r - 3 scrolls of fear {unknown}
 t - a scroll of magic mapping {unknown}
Potions
 b - a potion of invisibility {unknown}
 e - a potion of haste {unknown}
 g - a potion of flight {unknown}
 k - a potion of mutation {unknown}
 n - 3 potions of curing {unknown}
 u - a potion of cancellation {unknown}
 v - a potion of agility {unknown}
Comestibles
 f - 2 bread rations
 j - 2 chunks of flesh
 l - 4 meat rations


   Skills:
 + Level 3.6 Fighting
 + Level 6.3 Bows
 + Level 2.0 Armour
 + Level 2.6 Dodging
 - Level 0.4 Stealth


You had 4 spell levels left.
You didn't know any spells.

Dungeon Overview and Level Annotations

Branches:
Dungeon (4/15)
 Temple: D:4-7

Altars:

Annotations:
D:4 Eustachio; RobertPalmer's ghost, amateur OpCK; Robin


Innate Abilities, Weirdness & Mutations

You have hooves in place of feet.
Armour fits poorly on your strangely shaped body.
You cover ground very quickly.
You have extremely tough skin. (AC +3)


Message History

An ogre comes into view. It is wielding a giant club.
Really attack while wielding your +1 shortbow? [Y]es or [N]o only, please.
Really attack while wielding your +1 shortbow? [Y]es or [N]o only, please.
Really attack while wielding your +1 shortbow?
Okay, then.
The goblin hits you but does no damage. The ogre hits you but does no damage.
You are feeling hungry.
The ogre closely misses you.
You see here 2 arrows.
Items here: ( ) / † a dagger; 2 arrows; a wand of slowing {zapped: 4}; a goblin corpse You see here an arrow.
Items here: )))) ? [ †† You see here a goblin corpse.
There is a stone staircase leading down here.
The ogre hits you with a giant club!!
You die...

#.# #.#...###..# ####.#
#...#......# .....#
###...####.# ###### ##.## #.#
#.# #.# #.# #.#
#####################.#####.#
........#...................#
.######...†>.g.O@.....#######
.# ###)#############
#########.# ..()..g.g.#
########### #


You could see an ogre and a goblin.

Vanquished Creatures
  A hound (D:4)
  An iguana (D:4)
  4 gnolls (D:3)
  4 adders
  3 oozes (D:1)
  6 worms
  A dart slug (D:2)
  2 leopard geckos (D:1)
  5 orcs (D:3)
  7 bats
  3 giant cockroaches
  11 goblins
  10 hobgoblins
  4 jackals (D:1)
  A quokka (D:3)
  A ball python (D:3)
  2 frilled lizards
  8 kobolds
  6 rats
80 creatures vanquished.

Notes
Turn   | Place    | Note
-------+----------+-------------------------------------------
     0 | D:1      | dobroeutro the Centaur Hunter began the quest for the Orb.
     0 | D:1      | Reached XP level 1. HP: 17/17 MP: 1/1
    59 | D:1      | Reached XP level 2. HP: 13/24 MP: 2/2
   855 | D:1      | Reached XP level 3. HP: 30/30 MP: 3/3
  1358 | D:2      | Reached skill level 1 in Armour
  1571 | D:2      | Reached XP level 4. HP: 35/37 MP: 4/4
  2888 | D:3      | Reached XP level 5. HP: 13/45 MP: 5/5
  3736 | D:3      | Reached skill level 6 in Bows
  3922 | D:4      | Noticed RobertPalmer's ghost (amateur OpCK)
  4155 | D:4      | Noticed Eustachio
  4156 | D:4      | Noticed Robin
  4773 | D:4      | Noticed an ogre
  4987 | D:3      | Noticed an ogre
  5023 | D:3      | Mangled by an ogre

Skill      XL: |  1  2  3  4  5 |
---------------+----------------+-----
Dodging        | 2 |  2.6
Armour         | 1 2 |  2.0
Fighting       | 3 |  3.6
Bows           | 6 |  6.3
Stealth        | |  0.4

Action                   |  1- 3 |  4- 6 || total
-------------------------+-------+-------++-------
Melee: Short sword       |    92 |    62 ||   154
       Kick              |    16 |    20 ||    36
       Falchion          |       |    94 ||    94
       Dagger            |       |    10 ||    10
 Fire: Shortbow          |    15 |    94 ||   109
  Eat: Chunk             |     2 |     9 ||    11
Armor: Leather armour    |    33 |   101 ||   134
Dodge: Dodged            |    61 |   145 ||   206
       Rpst.: Falchion   |       |    10 ||    10
